 Dungeon Crawl Stone Soup version 0.29-a0-1027-gcd8c55af63 (webtiles) character file.

Game seed: 3123736678861017393

22828 ytrimaz the Cleaver (level 12, 0/100 HPs)
             Began as a Demonspawn Berserker on Aug 12, 2022.
             Was a High Priest of Trog.
             Slain by a 14-headed hydra (6 damage)
             ... on level 1 of the Lair of Beasts.
             The game lasted 00:14:57 (15760 turns).

ytrimaz the Cleaver (Demonspawn Berserker)         Turns: 15760, Time: 00:14:58

Health: 0/100      AC: 20    Str: 34    XL:     12   Next: 66%
Magic:  12/12      EV:  9    Int:  9    God:    Trog [*****.]
Gold:   595        SH:  0    Dex: 12    Spells: 11/11 levels left

rFire   . . .      SeeInvis .   z - +10 hand axe "Ixeum" {venom, rC+}
rCold   + . .      Faith    .   (no shield)
rNeg    . . .      Spirit   .   m - +2 chain mail {rPois}
rPois   +          Reflect  .   (no helmet)
rElec   +          Harm     .   (no cloak)
rCorr   .          Rampage  .   I - +1 pair of gloves of Cosiqoec {rElec Str+5}
Will    .....                   o - +0 pair of boots
Stlth   ..........              (no amulet)
HPRegen 0.26/turn               H - +4 ring of protection
MPRegen 0.26/turn               A - +6 ring of strength

@: no status effects
A: slimy green scales 2, ignite blood 3, magic regeneration, weakness stinger 2
a: Renounce Religion, Berserk, Trog's Hand, Brothers in Arms


You were on level 1 of the Lair of Beasts.
You worshipped Trog.
Trog was extremely pleased with you.
You visited 3 branches of the dungeon, and saw 14 of its levels.

You collected 893 gold pieces.
You spent 298 gold pieces at shops.

Inventory:

Hand Weapons
 a - a +3 battleaxe of draining
 c - a +0 war axe
 y - a +3 hand axe
 z - the +10 hand axe "Ixeum" (weapon) {venom, rC+}
   (You bought it in a shop on level 7 of the Dungeon)

   It poisons the flesh of those it strikes.
   rC:        It protects you from cold.
 G - the +7 broad axe of the Trees {vorpal, Dex+4}
   (Trog gifted it to you on level 12 of the Dungeon)

   It inflicts extra damage upon your enemies.
   Dex:       It affects your dexterity (+4).
Missiles
 k - 3 throwing nets (quivered)
Armour
 d - a +4 chain mail
 m - a +2 chain mail of poison resistance (worn)
 o - a +0 pair of boots (worn)
 I - the +1 pair of gloves of Cosiqoec (worn) {rElec Str+5}
   (You found it on level 11 of the Dungeon)

   Str:       It affects your strength (+5).
   rElec:     It insulates you from electricity.
Jewellery
 r - a ring of ice
 s - a ring of magical power
 A - a +6 ring of strength (right hand)
 H - a +4 ring of protection (left hand)
Wands
 n - a wand of iceblast (15)
 q - a wand of flame (6)
 v - a wand of quicksilver (12)
 D - a wand of charming (8)
 K - a wand of polymorph (3)
Scrolls
 b - 6 scrolls of teleportation
 i - 4 scrolls of butterflies
 B - a scroll of enchant armour
 C - 4 scrolls of blinking
 F - a scroll of enchant weapon
 J - a scroll of fear
Potions
 e - 3 potions of lignification
 f - 4 potions of magic
 g - a potion of might
 h - 2 potions of flight
 j - a potion of invisibility
 l - a potion of mutation
 p - a potion of ambrosia
 t - 4 potions of curing
 u - a potion of attraction
 w - a potion of haste
 x - a potion of berserk rage
 E - a potion of resistance


   Skills:
 + Level 11.4 Fighting
 * Level 14.4(15.5) Axes
 - Level 9.3(13.0) Maces & Flails
 - Level 1.7 Armour
 - Level 1.7 Dodging


You had 11 spell levels left.
You didn't know any spells.
Your spell library was empty.

Dungeon Overview and Level Annotations

Branches:
Dungeon (12/15)            Temple (0/1) D:7            Lair (1/5) D:10
    Orc (1/2) D:11

Altars:
Ashenzari
Cheibriados
Dithmenos
Hepliaklqana
Nemelex Xobeh
Ru
Sif Muna
Uskayaw

Shops:
D:7 ((*   D:11 :

Annotations:
D:6 2 transporters
D:11 2 runed translucent doors


Innate Abilities, Weirdness & Mutations

You are mostly covered in slimy green scales. (AC +3)
Your demonic aura causes all spilled blood to erupt in flames.
You regenerate magic rapidly.
You have a tail ending in a sharp stinger.


Message History

Unknown command.
You lop one of the 12-headed hydra's heads off!
The 11-headed hydra grows two more!
You slash the 13-headed hydra!
You tail-slap the 13-headed hydra, but do no damage.
The 13-headed hydra is heavily wounded.
The 13-headed hydra is engulfed in blazing flames.
The 13-headed hydra closely misses you. The 13-headed hydra bites you!
The 13-headed hydra barely misses you.
The 13-headed hydra bites you but does no damage. x4
The 13-headed hydra bites you! The 13-headed hydra bites you.
The 13-headed hydra barely misses you.
The 13-headed hydra bites you but does no damage.
The 13-headed hydra bites you!
* * * LOW HITPOINT WARNING * * *
The 13-headed hydra bites you.
* * * LOW HITPOINT WARNING * * *
Unknown command.
Unknown command.
Press: ? - help, v - describe, . - travel
Here: a 13-headed hydra (flame, severely wounded)
The floor, spattered with blood.
You slice one of the 13-headed hydra's heads off!
The 12-headed hydra grows two more!
You slash the 14-headed hydra!
Your tail-slap misses the 14-headed hydra.
The 14-headed hydra is heavily wounded.
The 14-headed hydra is engulfed in blazing flames.
The 14-headed hydra bites you but does no damage. x3
The 14-headed hydra closely misses you.
The 14-headed hydra bites you but does no damage.
The 14-headed hydra bites you.
* * * LOW HITPOINT WARNING * * *
The 14-headed hydra bites you but does no damage. x2
The 14-headed hydra barely misses you.
The 14-headed hydra bites you but does no damage.
The 14-headed hydra bites you.
* * * LOW HITPOINT WARNING * * *
The 14-headed hydra barely misses you.
The 14-headed hydra bites you but does no damage.
The 14-headed hydra bites you.
You die...

## #.# ## #...
#.####### .....
#.P#...#
#...##..<####
#...§..##
#..##.@#.# .
##D☼.#
.......☼§......
......##...#...
...... .......
..... .#...#
..... #......
..#. .....#
.... .....#


You could see a 14-headed hydra.

Vanquished Creatures
  Josephine (D:10)
  A hydra (D:12)
  Harold (D:9)
  Erica (D:10)
  A boulder beetle (D:12)
  5 two-headed ogres
  An orc knight (Orc:1)
  Pikel (D:6)
  A deep elf pyromancer (D:12)
  An ugly thing (D:11)
  A cyclops (D:12)
  2 orc sorcerers (Orc:1)
  4 slime creatures (D:12)
  A kobold demonologist (D:12)
  A komodo dragon (D:10)
  An efreet (D:12)
  2 hornets
  3 trolls
  Sigmund (D:4)
  6 wraiths
  4 wyverns
  2 shadows
  10 yaks
  A basilisk (D:12)
  3 steam dragons
  8 vampire mosquitoes (D:11)
  2 acid dragons
  A warg (Orc:1)
  3 water moccasins
  Duvessa (D:7)
  11 orc warriors
  2 black bears
  3 ogres
  5 centaurs
  2 lemures (D:6)
  10 kobold brigands
  6 bullfrogs
  3 gnoll sergeants (D:9)
  4 scorpions
  2 necrophages
  10 wights
  Dowan (D:7)
  3 killer bees (D:7)
  2 howler monkeys
  9 orc priests
  5 hounds
  A jelly (D:4)
  A gnoll bouda (D:7)
  3 iguanas
  Ijyb (D:3)
  8 orc wizards
  Natasha (thrice) (D:4)
  Robin (D:4)
  8 gnolls (D:9)
  10 adders
  2 shadow imps
  A white imp (D:5)
  3 ufetubi
  3 dart slugs (D:3)
  55 orcs
  9 bats
  5 endoplasms
  A giant cockroach (D:4)
  12 goblins
  9 hobgoblins
  4 quokkas
  5 ball pythons
  2 frilled lizards
  24 kobolds
  3 rats (D:3)
323 creatures vanquished.

Vanquished Creatures (others)
  A troll (D:9)
  8 plants (D:10)
9 creatures vanquished.

Grand Total: 332 creatures vanquished

Notes
Turn   | Place    | Note
-------+----------+-------------------------------------------
     0 | D:1      | ytrimaz the Demonspawn Berserker began the quest for the
                  | Orb.
     0 | D:1      | Reached XP level 1. HP: 18/18 MP: 1/1
   108 | D:1      | You fall into a shaft and drop 1 floor!
   334 | D:2      | Identified the +11 flail of Hatred {pain, Fly rN++}
   476 | D:2      | Reached skill level 3 in Axes
   476 | D:2      | Gained mutation: Your demonic aura sometimes causes spilled
                  | blood to erupt in flames. [demonic ancestry]
   476 | D:2      | Reached XP level 2. HP: 19/24 MP: 2/2
   602 | D:2      | Gained mutation: You are partially covered in slimy green
                  | scales. (AC +2) [demonic ancestry]
   602 | D:2      | Reached XP level 3. HP: 11/29 MP: 3/3
   835 | D:2      | Identified the +0 scale mail of Scuffed Birdsong {rF+}
  1705 | D:3      | Reached ** piety under Trog
  1745 | D:3      | Gained mutation: You are mostly covered in slimy green
                  | scales. (AC +3) [demonic ancestry]
  1745 | D:3      | Reached XP level 4. HP: 31/37 MP: 4/4
  2129 | D:3      | Noticed Ijyb
  2173 | D:3      | Killed Ijyb
  2174 | D:3      | Reached skill level 4 in Axes
  2422 | D:3      | Found a shimmering blue altar of Sif Muna.
  2670 | D:4      | Gained mutation: You have a small tail. [demonic ancestry]
  2670 | D:4      | Reached XP level 5. HP: 34/43 MP: 5/5
  2785 | D:4      | Reached skill level 5 in Axes
  3123 | D:4      | Identified the +7 mace of the Valley {vorpal, Will+ Str+2}
  3123 | D:4      | Noticed Robin
  3137 | D:4      | Gained mutation: You have a tail ending in a sharp stinger.
                  | [demonic ancestry]
  3137 | D:4      | Reached XP level 6. HP: 37/49 MP: 6/6
  3143 | D:4      | Killed Robin
  3310 | D:4      | Noticed Natasha
  3313 | D:4      | Killed Natasha
  3350 | D:4      | Noticed Sigmund
  3355 | D:4      | Reached skill level 5 in Fighting
  3355 | D:4      | Reached skill level 1 in Maces & Flails
  3357 | D:4      | Killed Sigmund
  3358 | D:4      | Reached XP level 7. HP: 51/56 MP: 7/7
  3405 | D:4      | Noticed Natasha
  3417 | D:4      | Killed Natasha
  3465 | D:4      | Noticed Natasha
  3472 | D:4      | Killed Natasha
  3869 | D:5      | Entered Level 5 of the Dungeon
  4029 | D:5      | Reached *** piety under Trog
  4325 | D:5      | Gained mutation: Your demonic aura often causes spilled
                  | blood to erupt in flames. [demonic ancestry]
  4325 | D:5      | Reached XP level 8. HP: 58/65 MP: 8/8
  4331 | D:5      | Reached skill level 5 in Maces & Flails
  4941 | D:6      | Found a transporter.
  5133 | D:6      | Noticed Pikel
  5145 | D:6      | Killed Pikel
  5479 | D:6      | Gained mutation: You regenerate magic rapidly. [demonic
                  | ancestry]
  5479 | D:6      | Reached XP level 9. HP: 70/72 MP: 9/9
  5488 | D:6      | Found a transporter.
  6056 | D:7      | Noticed a two-headed ogre
  6063 | D:7      | Killed a two-headed ogre
  6305 | D:7      | Noticed Duvessa
  6305 | D:7      | Noticed Dowan
  6317 | D:7      | Killed Duvessa
  6325 | D:7      | Killed Dowan
  6382 | D:7      | Found Doridgh's Antique Weapon Emporium.
  6388 | D:7      | Bought an ebony hand axe for 232 gold pieces
  6388 | D:7      | Identified the +10 hand axe "Ixeum" {venom, rC+} (You
                  | bought it in a shop on level 7 of the Dungeon)
  6408 | D:7      | Found a staircase to the Ecumenical Temple.
  6439 | D:7      | Found Iteameyd's General Store.
  6444 | D:7      | Bought a potion of might for 44 gold pieces
  6444 | D:7      | Bought a scroll of identify for 22 gold pieces
  6550 | D:7      | Found Momaul's Weapon Boutique.
  6929 | D:7      | Reached **** piety under Trog
  7104 | D:7      | Reached skill level 6 in Axes
  7111 | D:7      | Reached XP level 10. HP: 83/83 MP: 10/10
  7302 | D:8      | Reached skill level 7 in Axes
  7585 | D:8      | Noticed a two-headed ogre
  7592 | D:8      | Killed a two-headed ogre
  7593 | D:8      | Reached skill level 8 in Axes
  7936 | D:8      | Found a broken altar of Ashenzari.
  8409 | D:8      | Found a sacrificial altar of Ru.
  8550 | D:9      | Found a hide-covered altar of Uskayaw.
  8551 | D:9      | Found a shadowy altar of Dithmenos.
  8565 | D:9      | Found a hazy altar of Hepliaklqana.
  8686 | D:9      | Noticed a two-headed ogre
  8689 | D:9      | Killed a two-headed ogre
  8690 | D:9      | Reached skill level 9 in Axes
  8752 | D:9      | Noticed Harold
  8767 | D:9      | Killed Harold
  8767 | D:9      | Reached ***** piety under Trog
  9042 | D:9      | Reached XP level 11. HP: 77/90 MP: 11/11
  9281 | D:9      | Reached skill level 10 in Axes
  9869 | D:9      | Found a sparkling altar of Nemelex Xobeh.
 10088 | D:10     | Entered Level 10 of the Dungeon
 10102 | D:10     | Found a snail-covered altar of Cheibriados.
 10246 | D:10     | Noticed Josephine
 10252 | D:10     | Killed Josephine
 10253 | D:10     | Reached skill level 10 in Fighting
 10253 | D:10     | Reached skill level 11 in Axes
 10393 | D:10     | Noticed Erica
 10401 | D:10     | Killed Erica
 10404 | D:10     | Received a gift from Trog
 11141 | D:10     | Found a staircase to the Lair.
 11161 | Lair:1   | Entered Level 1 of the Lair of Beasts
 11309 | D:11     | Found Camuurgh's Book Shop.
 11371 | D:11     | Found a runed translucent door.
 11373 | D:11     | Found a runed translucent door.
 11417 | D:11     | Noticed a purple ugly thing
 11424 | D:11     | Killed a purple ugly thing
 11425 | D:11     | Reached skill level 12 in Axes
 11618 | D:11     | Found a staircase to the Orcish Mines.
 11644 | Orc:1    | Entered Level 1 of the Orcish Mines
 11645 | Orc:1    | Noticed an orc sorcerer
 11656 | D:11     | HP: 3/92 [orc warrior/+0 long sword (5)]
 12077 | D:11     | Identified the +1 pair of gloves of Cosiqoec {rElec Str+5}
 13020 | D:12     | Noticed a boulder beetle
 13084 | D:12     | Noticed a deep elf pyromancer
 13112 | D:12     | Killed a deep elf pyromancer
 13298 | D:12     | Noticed a two-headed ogre
 13311 | D:12     | Killed a two-headed ogre
 13312 | D:12     | Gained mutation: Your demonic aura causes all spilled blood
                  | to erupt in flames. [demonic ancestry]
 13312 | D:12     | Reached XP level 12. HP: 90/99 MP: 12/12
 13446 | D:12     | Killed a boulder beetle
 13447 | D:12     | Reached skill level 13 in Axes
 13691 | D:12     | HP: 3/99 [large slime creature (30)]
 13694 | D:12     | Identified the +7 broad axe of the Trees {vorpal, Dex+4}
                  | (Trog gifted it to you on level 12 of the Dungeon)
 13694 | D:12     | Received a gift from Trog
 14775 | D:12     | Noticed an eight-headed hydra
 14781 | D:12     | Killed a 13-headed hydra
 15000 | Orc:1    | Reached skill level 14 in Axes
 15322 | Orc:1    | Noticed a two-headed ogre
 15329 | Orc:1    | Killed a two-headed ogre
 15751 | Lair:1   | Noticed an eight-headed hydra
 15760 | Lair:1   | Slain by a 14-headed hydra

Illustrated notes

Levels and vault maps discovered:
D:1:      spicycebolla_green_bress_n_ham_2, layout_rooms,
          chequers_ecumenical_altar_simple_redux
D:2:      layout_loops_corners, basic_altar
D:3:      layout_loops_ring, mainiacjoe_overflow_alcove_1, uniq_ijyb
D:4:      kennysheep_big_flooded_room, layout_basic, minmay_strange_pillars,
          grunt_decor_cap, uniq_robin, uniq_sigmund, uniq_natasha
D:5:      layout_rooms
D:6:      gammafunk_cloud_chamber, layout_basic, serial_corexii_hall,
          corexii_hall_statues_x, chequers_hall_statues_wall_a, uniq_pikel
D:7:      minmay_skewed_foursquare, layout_basic,
          minmay_temple_entry_gardened_gates, serial_shops, shop,
          nicolae_shop_hallway_plus, nicolae_square_shop, uniq_duvessa
D:8:      layout_gridville, kennysheep_mini_moat,
          mainiacjoe_overflow_concentric_impassable
D:9:      minmay_inner_zag, layout_basic, nzn_hepliaklqana_mist_gate,
          lemuel_crystal_altar, grunt_temple_overflow_open, uniq_harold
D:10:     layout_loops_ring, lemuel_tele_altar, david_lair_shrubbed,
          uniq_josephine, uniq_erica
D:11:     lemuel_insect_pit, layout_stronghold, minmay_orc_entry_temple_small,
          serial_shops, shop
D:12:     layout_gridville
Lair:1:   layout_cave_shapes, minmay_shattered_shrine, lemuel_fruit_fields
Orc:1:    layout_caves

Skill      XL: |  1  2  3  4  5  6  7  8  9 10 11 12 |
---------------+-------------------------------------+-----
Axes           | 3 4 5 6 9 12 14 | 14.4
Fighting       | 4 5 6 7 9 10 11 | 11.4
Maces & Flails | 2 4 7 9 |  9.3
Armour         | |  1.7
Dodging        | |  1.7

Action                   |  1- 3 |  4- 6 |  7- 9 | 10-12 || total
-------------------------+-------+-------+-------+-------++-------
Melee: Hand axe          |   106 |   131 |    40 |   380 ||   657
       Punch             |       |     3 |     4 |     4 ||    11
       Tailslap          |       |     6 |    23 |    67 ||    96
       Mace              |       |     9 |   159 |       ||   168
       Battleaxe         |       |       |       |     9 ||     9
Invok: Berserk           |     1 |       |       |       ||     1
  Use: Scroll            |     3 |     4 |    11 |    10 ||    28
       Potion            |       |       |       |     4 ||     4
 Stab: Sleeping          |     1 |       |       |       ||     1
Armor: Animal skin       |    10 |       |       |       ||    10
       Scale mail        |    53 |    21 |       |       ||    74
       Chain mail        |       |    99 |   147 |   274 ||   520
Dodge: Dodged            |    75 |    75 |   114 |   184 ||   448

Table legend: (Time is in decaauts)
 A = Elapsed time spent in this place.
 B = Non-inter-level travel time spent in this place.
 C = Inter-level travel time spent in this place.
 D = Time resting spent in this place.
 E = Time spent auto-exploring this place.
 F = Levels seen in this place.
 G = Mean time per level.
                   A        B        C        D        E       F      G
               +--------+--------+--------+--------+--------+-----+--------+
         Total |  15731 |  15029 |    702 |   1899 |  10835 |  14 | 1123.6 |
       Dungeon |  15191 |  14494 |    697 |   1730 |  10542 |  12 | 1265.9 |
          Lair |     13 |     13 |      0 |      0 |      3 |   1 |   13.0 |
  Orcish Mines |    526 |    521 |      5 |    169 |    290 |   1 |  526.0 |
               +--------+--------+--------+--------+--------+-----+--------+

Top non-repeatable levels by time:
    D:12: 1885 daAuts
    D:11: 1881 daAuts
     D:8: 1545 daAuts
     D:2: 1407 daAuts
     D:9: 1329 daAuts
     D:7: 1321 daAuts
    D:10: 1281 daAuts
     D:4: 1219 daAuts
     D:3: 1174 daAuts
     D:6: 1064 daAuts
     D:5: 971 daAuts
   Orc:1: 526 daAuts
     D:1: 108 daAuts
  Lair:1: 13 daAuts
